 Dungeon Crawl Stone Soup version 0.28.0-43-g3370ac3207 (webtiles) character file.

Game seed: 12352071376068293103

270 pkoi the Conjurer (level 6, -5/45 HPs)
             Began as a Draconian Conjurer on Mar 2, 2022.
             Slain by a wyvern (9 damage)
             ... on level 4 of the Dungeon.
             The game lasted 00:04:09 (3777 turns).

pkoi the Conjurer (Draconian Conjurer)              Turns: 3777, Time: 00:04:10

Health: -5/45      AC:  6    Str:  9    XL:     6   Next: 1%
Magic:  0/9        EV: 16    Int: 20    God:
Gold:   135        SH:  5    Dex: 10    Spells: 2/9 levels left

rFire   . . .      SeeInvis .   p - +1 dagger (protect)
rCold   . . .      Faith    .   (no shield)
rNeg    . . .      Spirit   .   (armour unavailable)
rPois   .          Reflect  +   (helmet restricted)
rElec   .          Harm     .   (no cloak)
rCorr   .          Rampage  .   (no gloves)
Will    .....                   (no boots)
Stlth   ++........              g - amulet of reflection
HPRegen 0.15/turn               b - +4 ring of evasion
MPRegen 0.11/turn               (no ring)

@: no status effects
A: AC +6, unfitting armour, cold-blooded
a: no special abilities


You were on level 4 of the Dungeon.
You visited 1 branch of the dungeon, and saw 4 of its levels.

You collected 135 gold pieces.

Inventory:

Hand Weapons
 a - a +0 falchion
 e - a +0 whip
 p - a +1 dagger of protection (weapon)
Jewellery
 b - a +4 ring of evasion (left hand)
 g - an amulet of reflection (around neck)
Scrolls
 m - 2 scrolls of fog
Potions
 i - 4 potions of curing
 j - a potion of mutation


   Skills:
 - Level 1.7 Dodging
 - Level 1.7 Stealth
 + Level 2.2 Spellcasting
 * Level 7.0 Conjurations
 * Level 1.3 Translocations


You had 2 spell levels left.
You knew the following spells:

 Your Spells              Type           Power      Damage    Failure   Level
a - Magic Dart            Conj           100%       1d8       1%          1
b - Searing Ray           Conj           60%        2d6       1%          2
c - Iskenderun's Mystic   Conj/Tloc      18%        2d6       28%         4

Your spell library contained the following spells:

 Spells                   Type           Power      Damage    Failure   Level
 Shock                    Conj/Air       64%        1d7       3%          1
 Dazzling Flash           Conj/Hex       32%        N/A       11%         3
 Fulminant Prism          Conj/Hex       8%         3d7       36%         4
 Swiftness                Air            2%         N/A       43%         3
 Airstrike                Air            1%         N/A       83%         4


Dungeon Overview and Level Annotations

Branches:
Dungeon (4/15)
 Temple: D:4-7

Altars:
The Shining One

Annotations:
D:3 2 transporters, yahweh's ghost, amateur OpTm


Innate Abilities, Weirdness & Mutations

Your plain brown scales are hard. (AC +6)
You cannot fit into any form of body armour.
You are cold-blooded and may be slowed by cold attacks.


Message History

The searing ray hits the wyvern.
The wyvern is severely wounded.
The wyvern bites you!
* * * LOW HITPOINT WARNING * * *
Unknown command.
The searing ray misses the wyvern.
You finish channelling your searing ray.
The wyvern bites you!
* * * LOW HITPOINT WARNING * * *
You block the wyvern's attack.
Unknown command.
Aiming: Magic Dart (safe; 1% risk of failure)
Press: ? - help, Q - select action, (/) - cycle Shift-Dir - straight line, f/p - wyvern
Aim: a wyvern (severely wounded, 100% to hit)
The magic dart hits the wyvern.
The wyvern is severely wounded.
The wyvern completely misses you.
Okay, then.
Okay, then.
You aren't carrying any items that you can evoke.
Unknown command.
You hit the wyvern but do no damage.
Your weapon exudes an aura of protection.
You tail-slap the wyvern.
The wyvern is severely wounded.
The wyvern bites you.
* * * LOW HITPOINT WARNING * * *
The wyvern bites you but does no damage.
The wyvern bites you.
* * * LOW HITPOINT WARNING * * *
The wyvern bites you!
* * * LOW HITPOINT WARNING * * *
The wyvern barely misses you.
Aiming: Magic Dart (safe; 1% risk of failure)
Press: ? - help, Q - select action, (/) - cycle Shift-Dir - straight line, f/p - wyvern
Aim: a wyvern (severely wounded, 100% to hit)
The magic dart hits the wyvern.
The wyvern is almost dead.
The wyvern barely misses you. The wyvern bites you!
You die...

*,,,,,,,,,* #.#*.(....#*,$.,
***###,,,,* #.#*,.....##...,
#...,*** #.####.#.....##*
#.##.,* #.#...........#*
#.#*#.####.#............*
#.###....#.#............*
####..#####................*
##.....##......#............*
##...........@l.#............*
#...........................#*
#............................*
#............................*
#....[.......................,
#................##.(.....,,,,
#<...[รท...................,,,,
##..................#....,,,,,
##.....##......>....#,,,,,,,,


You could see a wyvern.

Vanquished Creatures
  A water moccasin (D:3)
  A phantom (D:4)
  3 adders
  A worm (D:2)
  4 dart slugs
  4 orcs (D:3)
  4 ball pythons
  4 endoplasms
  3 giant cockroaches
  5 goblins
  7 hobgoblins
  4 kobolds
  2 quokkas
  4 bats
  2 frilled lizards
  4 rats
53 creatures vanquished.

Vanquished Creatures (others)
  6 plants (D:3)
6 creatures vanquished.

Grand Total: 59 creatures vanquished

Notes
Turn   | Place    | Note
-------+----------+-------------------------------------------
     0 | D:1      | pkoi the Draconian Conjurer began the quest for the Orb.
     0 | D:1      | Reached XP level 1. HP: 14/14 MP: 3/3
   288 | D:1      | Reached XP level 2. HP: 20/20 MP: 0/5
   466 | D:1      | Found a faded altar of an unknown god.
  1133 | D:1      | Reached skill level 5 in Conjurations
  1133 | D:1      | Reached XP level 3. HP: 26/26 MP: 1/6
  1448 | D:2      | Found a glowing golden altar of the Shining One.
  1892 | D:2      | Learned a level 2 spell: Searing Ray
  2370 | D:3      | Reached XP level 4. HP: 32/33 MP: 3/7
  2856 | D:3      | Found a transporter.
  2870 | D:3      | Noticed a gnoll sergeant
  2903 | D:3      | Found a transporter.
  2954 | D:3      | Noticed yahweh's ghost (amateur OpTm)
  2960 | D:3      | Noticed a water moccasin
  2964 | D:3      | Killed a water moccasin
  2965 | D:3      | Reached skill level 6 in Conjurations
  2965 | D:3      | Reached XP level 5. HP: 38/38 MP: 2/8
  3216 | D:3      | Noticed an ice beast
  3223 | D:3      | Learned a level 4 spell: Iskenderun's Mystic Blast
  3506 | D:4      | Noticed a phantom
  3516 | D:4      | Killed a phantom
  3517 | D:4      | Reached skill level 7 in Conjurations
  3517 | D:4      | Reached skill level 1 in Translocations
  3517 | D:4      | Reached XP level 6. HP: 36/45 MP: 2/9
  3758 | D:4      | Noticed a wyvern
  3777 | D:4      | Slain by a wyvern

Illustrated notes

Levels and vault maps discovered:
D:1:      minmay_arrival_checkered_box, layout_loops_ring,
          dreamdust_ecumenical_altar_grove, corner_web_ring,
          nicolae_concentric_dashed_squares_mild
D:2:      layout_basic, basic_altar
D:3:      layout_loops_cross, gammafunk_ghost_gnarly_gnolls
D:4:      black_bear_nest_1, layout_rooms

Skill      XL: |  1  2  3  4  5 |
---------------+----------------+-----
Conjurations   | 5 6 7 |  7.0
Translocations | 1 |  1.3
Dodging        | |  1.7
Stealth        | |  1.7
Spellcasting   | |  2.2

Action                   |  1- 3 |  4- 6 || total
-------------------------+-------+-------++-------
Melee: Falchion          |    12 |     2 ||    14
       Tailslap          |     1 |     2 ||     3
       Dagger            |       |     4 ||     4
 Cast: Magic Dart        |    74 |    42 ||   116
       Searing Ray       |       |     5 ||     5
  Use: Potion            |     1 |     4 ||     5
       Scroll            |       |     6 ||     6
Armor: Skin              |     7 |     2 ||     9
Dodge: Dodged            |     8 |    20 ||    28
Block: Other             |     2 |     6 ||     8
